 Dungeon Crawl Stone Soup version 0.23.2-1-ga50397a (webtiles) character file.

Game seed: 9572957183788619766

3100 XPEneeg3 the Cleaver (level 9, -2/82 HPs)
             Began as a Hill Orc Fighter on May 8, 2019.
             Was an Initiate of Beogh.
             Killed from afar by an orc wizard (9 damage)
             ... with a magic dart
             ... on level 7 of the Dungeon.
             The game lasted 00:28:38 (7847 turns).

XPEneeg3 the Cleaver (Hill Orc Fighter)             Turns: 7847, Time: 00:28:39

Health: -2/82      AC: 14    Str: 24    XL:     9   Next: 90%
Magic:  9/9        EV:  8    Int: 15    God:    Beogh [......]
Gold:   266        SH: 12    Dex: 15    Spells: 8/8 levels left

rFire    . . .     SeeInvis +   a - +0 war axe
rCold    . . .     Gourm    .   c - +0 shield
rNeg     + . .     Faith    .   b - +0 scale mail
rPois    .         Spirit   .   (no helmet)
rElec    .         Reflect  .   t - +0 cloak
rCorr    .         Harm     .   d - +2 pair of gloves
MR       +....                  w - +0 pair of boots
Stlth    ..........             (no amulet)
HPRegen  0.23/turn              r - +4 ring of dexterity
MPRegen  0.11/turn              y - ring "Iwudeh" {*Corrode rN+ Int+7 SInv}

@: mighty, lethally poisoned (-2 -> -5)
A: magic resistance 1, screaming 1, weak 1
a: Renounce Religion


You were on level 7 of the Dungeon.
You worshipped Beogh.
Beogh was noncommittal.
You were not hungry.

You visited 1 branch of the dungeon, and saw 7 of its levels.

You collected 266 gold pieces.

Inventory:

Hand Weapons
 a - a +0 war axe (weapon)
 o - the +9 staff of Olgreb {rPois}
   (You found it on level 6 of the Dungeon)

   It protects you from poison.
 v - a +4 spear
Missiles
 j - 5 tomahawks (quivered)
Armour
 b - a +0 scale mail (worn)
 c - a +0 shield (worn)
 d - a +2 pair of gloves (worn)
 t - a +0 cloak (worn)
 w - a +0 pair of boots (worn)
Jewellery
 r - a +4 ring of dexterity (left hand)
 y - the ring "Iwudeh" (right hand) {*Corrode rN+ Int+7 SInv}
   (You found it on level 6 of the Dungeon)

   [ring of positive energy]

   It affects your intelligence (+7).
   It protects you from negative energy.
   It lets you see invisible.
   It may corrode you when you take damage.
Wands
 q - a wand of acid (7)
 u - a wand of paralysis (10)
Scrolls
 e - a scroll of enchant weapon
 h - a scroll of magic mapping
 i - a scroll of identify
 n - 2 scrolls of remove curse
 p - a scroll of amnesia
Potions
 k - a potion of mutation
 l - a potion of brilliance
 x - a potion of cancellation
Comestibles
 f - 6 rations
 s - 4 chunks of flesh


   Skills:
 + Level 8.9 Fighting
 + Level 9.3 Axes
 + Level 8.0 Armour
 - Level 0.4 Dodging
 + Level 8.0 Shields


You had 8 spell levels left.
You didn't know any spells.
Your spell library was empty.

Dungeon Overview and Level Annotations

Branches:
Dungeon (7/15)             Temple (0/1) D:6

Altars:
Ashenzari
Hepliaklqana
Kikubaaqudgha
Nemelex Xobeh
Ru
Trog


Innate Abilities, Weirdness & Mutations

You are resistant to hostile enchantments. (MR+)
You occasionally shout uncontrollably at your foes.
You are weak. (Str -2)


Message History

The orc wizard casts a spell.
The orc wizard seems to speed up.
You take 2 damage, and have 9/82 hp.
You feel very mighty all of a sudden.
You feel sick.
You take 1 damage, and have 8/82 hp.
You block the orc wizard's attack. The orc wizard barely misses you.
You feel sick.
You take 1 damage, and have 7/82 hp.
You barely miss the orc wizard.
The orc wizard is moderately wounded.
You feel sick.
The orc wizard hits you but does no damage.
You slash the orc wizard!
You kill the orc wizard!
Beogh accepts your kill.
The orc wizard gestures at you while chanting.
The magic dart hits you!
You die...
Beogh appreciates the orc wizard's killing of a heretic priest.

#.# .... #.# ..# #.#
... #.#########.# #
#.ooo.so..#.#
#####.#..######†#.####
.s..s.....# #oo.....#
###.......# #)#####.#
#..n......?##@# #.#
#..#.....<.##[# #.#
... #o#####.##.# #.#
## #o .##.#####.# .o
.##.......# .#<
#########


You could see an orc wizard and an orc.

Vanquished Creatures
  A centaur zombie (D:6)
  The ghost of jazmu the Skirmisher, an amateur FoFi (D:5)
  5 soldier ants (D:6)
  3 water moccasins (D:6)
  An ice beast (D:5)
  An orc warrior (D:7)
  An ogre (D:6)
  2 centaurs (D:5)
  A scorpion (D:7)
  10 killer bees
  3 crimson imps
  A jelly (D:5)
  3 orc wizards
  An iguana (D:6)
  11 worker ants
  Terence (D:3)
  A hound zombie (D:5)
  A hound skeleton (D:7)
  A worker ant zombie (D:6)
  5 gnolls
  6 adders
  A shadow imp (D:5)
  2 oozes
  An adder zombie (D:5)
  An adder skeleton (D:4)
  A worm (D:2)
  2 dart slugs
  4 leopard geckos
  8 orcs
  4 ball pythons
  7 bats
  5 giant cockroaches
  16 goblins
  8 hobgoblins
  11 jackals
  4 quokkas
  5 frilled lizards
  7 kobolds
  A leopard gecko skeleton (D:4)
  9 rats
157 creatures vanquished.

Vanquished Creatures (others)
  2 orcs (D:6)
2 creatures vanquished.

Grand Total: 159 creatures vanquished

Notes
Turn   | Place    | Note
-------+----------+-------------------------------------------
     0 | D:1      | XPEneeg3 the Hill Orc Fighter began the quest for the Orb.
     0 | D:1      | Reached XP level 1. HP: 19/19 MP: 1/1
    35 | D:1      | Reached XP level 2. HP: 11/27 MP: 2/2
   284 | D:1      | Reached skill level 3 in Axes
   333 | D:1      | Reached XP level 3. HP: 31/33 MP: 3/3
   494 | D:1      | You fall through a shaft!
   859 | D:2      | Reached XP level 4. HP: 22/40 MP: 4/4
  1336 | D:2      | Reached skill level 4 in Axes
  1800 | D:3      | Noticed Terence
  1806 | D:3      | Reached XP level 5. HP: 34/47 MP: 5/5
  1820 | D:3      | Killed Terence
  1956 | D:3      | Found a bloodstained altar of Trog.
  2765 | D:4      | Found a shattered altar of Ashenzari.
  2804 | D:4      | Found a hazy altar of Hepliaklqana.
  3106 | D:4      | Found a sparkling altar of Nemelex Xobeh.
  3143 | D:4      | Gained mutation: You are weak. (Str -2) [potion of
                  | mutation]
  3143 | D:4      | Gained mutation: You occasionally shout uncontrollably at
                  | your foes. [potion of mutation]
  3143 | D:4      | Gained mutation: You are resistant to hostile enchantments.
                  | (MR+) [potion of mutation]
  3411 | D:4      | Found a sacrificial altar of Ru.
  3460 | D:4      | Reached skill level 5 in Fighting
  3460 | D:4      | Reached XP level 6. HP: 42/56 MP: 6/6
  3600 | D:5      | Entered Level 5 of the Dungeon
  3723 | D:5      | Reached skill level 5 in Axes
  3749 | D:5      | HP: 2/56 [poisoned by a gnoll]
  3983 | D:5      | Reached skill level 5 in Shields
  3983 | D:5      | Reached XP level 7. HP: 51/61 MP: 7/7
  4096 | D:5      | Reached skill level 5 in Armour
  4265 | D:5      | Found a runed translucent gate.
  4265 | D:5      | Found a runed translucent gate.
  4265 | D:5      | Found a runed translucent gate.
  4267 | D:5      | Noticed jazmu's ghost (amateur FoFi)
  4281 | D:5      | Killed jazmu's ghost
  4281 | D:5      | Reached skill level 6 in Axes
  4488 | D:5      | Reached XP level 8. HP: 69/71 MP: 8/8
  5298 | D:6      | Found a runed translucent gate.
  5315 | D:6      | Found a runed translucent door.
  5315 | D:6      | Found a runed translucent gate.
  5352 | D:6      | Found the +9 staff of Olgreb {rPois}
  5354 | D:6      | Found a runed translucent door.
  5443 | D:6      | Found an ancient bone altar of Kikubaaqudgha.
  5580 | D:6      | Found a staircase to the Ecumenical Temple.
  5586 | D:6      | Got a twitching lapis lazuli ring
  5587 | D:6      | Identified the ring "Iwudeh" {*Corrode rN+ Int+7 SInv} (You
                  | found it on level 6 of the Dungeon)
  5692 | D:6      | Reached skill level 7 in Axes
  5858 | D:6      | Found a runed translucent gate.
  5979 | D:6      | Became a worshipper of Beogh the Brigand
  6586 | D:6      | Reached XP level 9. HP: 36/79 MP: 9/9
  6588 | D:6      | Reached skill level 8 in Axes
  7564 | D:6      | Reached skill level 9 in Axes
  7847 | D:7      | Killed from afar by an orc wizard

Skill      XL: |  1  2  3  4  5  6  7  8  9 |
---------------+----------------------------+-----
Fighting       | 4 5 6 7 8 |  8.9
Axes           | 3 4 5 6 7 9 |  9.3
Shields        | 4 5 6 8 |  8.0
Armour         | 4 5 6 8 |  8.0
Dodging        | |  0.4

Action                   |  1- 3 |  4- 6 |  7- 9 || total
-------------------------+-------+-------+-------++-------
Melee: War axe           |   130 |   200 |   362 ||   692
Invok: Convert to Beogh  |       |       |     1 ||     1
Evoke: Wand              |       |     1 |     3 ||     4
  Use: Potion            |       |     9 |     8 ||    17
       Scroll            |       |     1 |     9 ||    10
  Eat: Chunk             |       |     7 |     6 ||    13
       Ration            |       |     1 |     2 ||     3
Armor: Scale mail        |    90 |    87 |   156 ||   333
Dodge: Dodged            |    41 |    57 |   109 ||   207
Block: Shield            |    87 |   131 |   199 ||   417
